 Dungeon Crawl Stone Soup version 0.26.1-11-gd32895ea62 (webtiles) character file.

Game seed: 272180390139117305

1 eooof the Ruffian (level 1, -2/16 HPs)
             Began as a Draconian Transmuter on May 27, 2021.
             Slain by a gnoll
             ... wielding a +0 flail
              (7 damage)
             ... on level 2 of the Dungeon.
             The game lasted 00:01:54 (146 turns).

eooof the Ruffian (Draconian Transmuter)             Turns: 146, Time: 00:01:54

Health: -2/16      AC:  4    Str: 12    XL:     1   Next: 16%
Magic:  1/3        EV: 12    Int: 13    God:
Gold:   0          SH:  0    Dex: 11    Spells: 3/4 levels left

rFire    . . .     SeeInvis .     - Unarmed
rCold    . . .     Faith    .   (no shield)
rNeg     . . .     Spirit   .   (armour unavailable)
rPois    .         Reflect  .   (helmet currently unavailable)
rElec    .         Harm     .   (no cloak)
rCorr    .         Rampage  .   (no gloves)
Will     +....                  (boots currently unavailable)
Stlth    +.........             (no amulet)
HPRegen  0.05/turn              a - ring of willpower
MPRegen  0.08/turn              (no ring)

@: appendages (expiring), very slightly contaminated
A: unfitting armour, horns 2, talons 2, cold-blooded, AC +4
a: End Transformation


You were on level 2 of the Dungeon.
You had grown temporary horns.
You had grown temporary talons.
You visited 1 branch of the dungeon, and saw 2 of its levels.

Inventory:

Jewellery
 a - a ring of willpower (left hand)


   Skills:
 + Level 1.1 Fighting
 + Level 1.7 Dodging
 + Level 3.0 Unarmed Combat
 + Level 2.0 Spellcasting
 + Level 2.0 Transmutations


You had 3 spell levels left.
You knew the following spells:

 Your Spells              Type           Power        Failure   Level
a - Beastly Appendage     Tmut           12%          11%         1

Your spell library contained the following spells:

 Spells                   Type           Power        Failure   Level
 Wereblood                Tmut           6%           17%         2
 Spider Form              Tmut/Pois      1%           45%         3
 Ice Form                 Ice/Tmut       3%           86%         4
 Blade Hands              Tmut           3%           97%         5


Dungeon Overview and Level Annotations

Branches:
Dungeon (2/15)

Altars:


Innate Abilities, Weirdness & Mutations

Your plain brown scales are hard. (AC +4)
You cannot fit into any form of body armour.
You are cold-blooded and may be slowed by cold attacks.
You have a pair of horns on your head.
You have razor-sharp toenails.


Message History

You miscast Beastly Appendage.
You are very lightly contaminated with residual magic.
Nothing appears to happen.
Casting: Beastly Appendage (safe; 11% risk of failure)
Confirm with . or Enter, or press ? or * to list all spells.
You grow a pair of large bovine horns.
Your feet morph into talons.
Your transformation is almost over.
The hobgoblin closely misses you.
You barely miss the hobgoblin.
Your tail-slap misses the hobgoblin.
The gnoll misses you.
You hit the gnoll. You claw the gnoll.
The gnoll is heavily wounded.
The hobgoblin misses you.
You closely miss the hobgoblin. You claw the hobgoblin.
The hobgoblin is moderately wounded.
The gnoll hits you with a +0 flail. The hobgoblin barely misses you.
You closely miss the gnoll. You claw the gnoll. Your headbutt misses the gnoll.
The gnoll is severely wounded.
The hobgoblin hits you with a +0 club. The gnoll hits you with a +0 flail!
You die...

,,,,,**,,,,*,**,,** #..#* ####.
,,,****,,,,*,,,..# ##.#* ##....
,*,,,**,,,**.###.# ##..####.....
,,**,,,,*,,,.g...# #............
,,,,,,,,*,,**#...####.######.....
,,*,,,,,,,,* ###......# *#.####
****,,,,,,***#........#####..#
**,,,,,,,...##!.g....#.......#
*,,***,,,,#....g@......###.###
*,*,,,,,,...#####....###,..#
*,,,,,,***,,,,,*##.>..#,,##*
,,,,,,,***,,*,,,...#....#**
>,,,,,,,,,,,,,..(.........*******
,,,,,,,***,,,*#.....#.###.#,,,,,*
,,,,,***,,,,,....####..**,.<,,,,*
,,,,,,,,,*,,,##..* *#.#*,,,,,,,*
,,,,,,*********,,*** *,**,*,,,,,*


You could see a gnoll and a hobgoblin.

Vanquished Creatures
  A bat (D:2)
1 creature vanquished.

Notes
Turn   | Place    | Note
-------+----------+-------------------------------------------
     0 | D:1      | eooof the Draconian Transmuter began the quest for the Orb.
     0 | D:1      | Reached XP level 1. HP: 16/16 MP: 3/3
   146 | D:2      | Slain by a gnoll

Illustrated notes

Levels and vault maps discovered:
D:1:      minmay_arrival_four_houses, layout_loops_cross, kennysheep_doodads,
          chequers_serial_rivers_micro_c
D:2:      layout_rooms, general_overflow_altar

Action                   || total
-------------------------++-------
Melee: Unarmed           ||     8
       Kick              ||     3
 Cast: Beastly Appendage ||     1
  Use: Scroll            ||     1
Armor: Skin              ||     5
Dodge: Dodged            ||     9
